 Dungeon Crawl Stone Soup version 0.30-a0-1018-g25214051b3 (webtiles) character file.

Game seed: 17622404242805802543

182 Zeldest the Caller (level 5, -4/41 HPs)
             Began as a Barachi Warper on Apr 7, 2023.
             Slain by a steam dragon (5 damage)
             ... on level 3 of the Dungeon.
             The game lasted 00:08:07 (2818 turns).

Zeldest the Caller (Barachi Warper)                 Turns: 2818, Time: 00:08:08

Health: -4/41      AC:  5    Str: 12    XL:     5   Next: 62%
Magic:  3/8        EV: 11    Int: 16    God:
Gold:   116        SH:  0    Dex: 11    Spells: 3/8 levels left

rFire   . . .      SeeInvis .    a - +0 falchion
rCold   . . .      Faith    .    (no shield)
rNeg    . . .      Spirit   .    b - +0 leather armour
rPois   .          Reflect  .    k - +0 helmet
rElec   .          Rampage  .    (no cloak)
rCorr   +                        (no gloves)
Will    .....                    p - +0 pair of boots
Stlth   +                        (no amulet)
HPRegen 0.26/turn                q - ring of resist corrosion
MPRegen 0.11/turn                (no ring)

@: slow
A: amphibious, slowness 1, strong legs 1, +LOS
a: Hop


You were on level 3 of the Dungeon.
You visited 1 branch of the dungeon, and saw 3 of its levels.

You collected 116 gold pieces.

Inventory:

Hand Weapons
 a - a +0 falchion (weapon)
 n - a +0 hammer of protection
 o - a +1 dagger of venom
Armour
 b - a +0 leather armour (worn)
 k - a +0 helmet (worn)
 p - a +0 pair of boots (worn)
Jewellery
 q - a ring of resist corrosion (left hand)
Scrolls
 c - a scroll of blinking
 d - 2 scrolls of poison {unknown}
 e - a scroll of teleportation {unknown}
 i - 2 scrolls of fear
 j - a scroll of amnesia {unknown}
 m - a scroll of magic mapping {unknown}
Potions
 f - 4 potions of curing
 g - 2 potions of magic
 h - a potion of lignification {unknown}
 l - a potion of flight
 r - 2 potions of resistance {unknown}


   Skills:
 - Level 3.1 Fighting
 - Level 3.8 Long Blades
 - Level 1.0 Throwing
 - Level 1.2 Armour
 - Level 2.1 Dodging
 - Level 2.1 Spellcasting
 + Level 4.6 Summonings
 - Level 3.7 Translocations


You had 3 spell levels left.
You knew the following spells:

 Your Spells              Type           Power      Damage    Failure   Level
a - Call Canine Familiar  Summ           16%        N/A       12%         3
b - Blink                 Tloc           26%        N/A       9%          2

Your spell library contained the following spells:

 Spells                   Type           Power      Damage    Failure   Level
 Summon Small Mammal      Summ           64%        N/A       4%          1
 Lesser Beckoning         Tloc           26%        N/A       9%          2
 Teleport Other           Tloc           13%        N/A       17%         3
 Summon Guardian Golem    Hex/Summ       9%         N/A       30%         3
 Vhi's Electric Charge    Tloc/Air       14%        N/A       34%         3
 Ozocubu's Armour         Ice            1%         N/A       61%         3
 Manifold Assault         Tloc           13%        N/A       50%         4
 Ozocubu's Refrigeration  Ice            0%         4d7       100%        7


Dungeon Overview and Level Annotations

Branches:
Dungeon (3/15) Zot: 14818

Altars:
Qazlal

Annotations:
D:1 1 transporter
D:2 1 runed translucent door, Crazy Yiuf


Innate Abilities, Weirdness & Mutations

You are amphibious.
You cover ground slowly.
You can hop short distances.
You have an extended range of vision and can be seen from far away.


Message History

Found a ring mail.
There is an open door here.
A steam dragon comes into view.
Casting: Call Canine Familiar (dangerous; 12% risk of failure)
Confirm with . or Enter, or press ? or * to list all spells.
The steam dragon hisses angrily.
The steam dragon breathes steam at you. The ball of steam hits you!
You hear a shout!
You aren't carrying any items that you can evoke.
Unknown command.
Okay, then.
You aren't carrying any items that you can evoke.
Unknown command.
Okay, then.
Casting: Call Canine Familiar (dangerous; 12% risk of failure)
Confirm with . or Enter, or press ? or * to list all spells.
Okay, then.
Your hound is engulfed in a cloud of scalding steam.
Your hound is engulfed in a cloud of scalding steam.
Your hound bites the steam dragon.
Your hound is engulfed in a cloud of scalding steam.
Your hound bites the steam dragon.
Your hound barely misses the steam dragon.
Your hound bites the steam dragon.
The steam dragon breathes steam at you. The ball of steam hits you!!
Your hound completely misses the steam dragon.
Your hound bites the steam dragon.
Casting: Call Canine Familiar (dangerous; 12% risk of failure)
Confirm with . or Enter, or press ? or * to list all spells.
You are engulfed in a cloud of scalding steam.
* * * LOW HITPOINT WARNING * * *
Your hound disappears in a puff of smoke!
The steam dragon bites you.
* * * LOW HITPOINT WARNING * * *
The steam dragon claws you but does no damage.
The steam dragon attacks as you move away!
The steam dragon bites you.
You die...

### ..# #.# #
#.####.# #.#....#
#####.#.##.# .
#§§§h.§....##....
#.#..@D.....'..♣
#.#..#.####....
#.#.###..# ..
#..#.#.### ##
...#.#.#..##...###
#'
........#.'.....'.
+
###.##..###...#+#
## #....##.##.##
##.
#####.###...###..


You could see a steam dragon (ally target) and a friendly hound (summoned).

Vanquished Creatures
  An orc priest (D:3)
  Robin (D:3)
  2 adders
  2 dart slugs
  3 worms
  2 orcs (D:3)
  5 ball pythons
  3 endoplasms
  A giant cockroach (D:1)
  10 goblins
  5 hobgoblins
  4 jackals (D:1)
  2 quokkas
  9 bats
  5 frilled lizards
  2 kobolds (D:1)
  6 rats
63 creatures vanquished.

Vanquished Creatures (collateral kills)
  An orc priest (D:3)
  2 orcs (D:3)
  A ball python (D:3)
  6 goblins (D:3)
  2 hobgoblins (D:3)
  2 kobolds (D:3)
14 creatures vanquished.

Grand Total: 77 creatures vanquished

Notes
Turn   | Place    | Note
-------+----------+-------------------------------------------
     0 | D:1      | Zeldest the Barachi Warper began the quest for the Orb.
     0 | D:1      | Reached XP level 1. HP: 17/17 MP: 3/3
   174 | D:1      | Reached XP level 2. HP: 10/23 MP: 5/5
   246 | D:1      | Learned a level 2 spell: Blink
   387 | D:1      | Reached XP level 3. HP: 23/28 MP: 6/6
  1275 | D:2      | Reached skill level 1 in Summonings
  1343 | D:2      | Learned a level 3 spell: Call Canine Familiar
  1399 | D:2      | Reached XP level 4. HP: 34/35 MP: 7/7
  1664 | D:2      | Found a runed translucent door.
  1665 | D:2      | Noticed Crazy Yiuf
  2139 | D:3      | Found a stormy altar of Qazlal.
  2146 | D:3      | Reached skill level 2 in Summonings
  2254 | D:3      | Reached skill level 3 in Summonings
  2254 | D:3      | Reached XP level 5. HP: 20/41 MP: 1/8
  2339 | D:3      | Reached skill level 4 in Summonings
  2452 | D:3      | Noticed Robin
  2496 | D:3      | Killed Robin
  2809 | D:3      | Noticed a steam dragon
  2817 | D:3      | HP: 1/41 [steam dragon (5)]
  2818 | D:3      | Slain by a steam dragon

Illustrated notes

Levels and vault maps discovered:
D:1:      spicycebolla_arrival_transporter_tutorial, layout_basic,
          corexii_hall_statues_deadend
D:2:      layout_rooms, uniq_crazy_yiuf_cottage
D:3:      layout_loops_ring, nicolae_qazlal_scattered_showers,
          nicolae_hexahallways, uniq_robin

Skill      XL: |  1  2  3  4  5 |
---------------+----------------+-----
Long Blades    | 3 |  3.8
Fighting       | 3 |  3.1
Summonings     | 1 3 4 |  4.6
Throwing       | |  1.0
Armour         | |  1.2
Dodging        | |  2.1
Spellcasting   | |  2.1
Translocations | |  3.7

Action                     |  1- 3 |  4- 6 || total
---------------------------+-------+-------++-------
  Melee: Falchion          |   145 |   105 ||   250
         Punch             |     4 |     1 ||     5
  Throw: Boomerang         |     7 |       ||     7
   Cast: Call Canine Famil |       |     8 ||     8
Ability: Hop               |     1 |       ||     1
    Use: Scroll            |       |     4 ||     4
         Potion            |       |     1 ||     1
 Armour: Leather armour    |    65 |    30 ||    95
  Dodge: Dodged            |   109 |    78 ||   187

Table legend: (Time is in decaauts)
 A = Elapsed time spent in this place.
 B = Non-inter-level travel time spent in this place.
 C = Inter-level travel time spent in this place.
 D = Time resting spent in this place.
 E = Time spent auto-exploring this place.
 F = Levels seen in this place.
 G = Mean time per level.
                   A        B        C        D        E       F      G
               +--------+--------+--------+--------+--------+-----+--------+
         Total |   3181 |   3060 |    121 |    756 |   1457 |   3 | 1060.3 |
       Dungeon |   3181 |   3060 |    121 |    756 |   1457 |   3 | 1060.3 |
               +--------+--------+--------+--------+--------+-----+--------+

Top non-repeatable levels by time:
     D:1: 1402 daAuts
     D:2: 1089 daAuts
     D:3: 690 daAuts
